 Dungeon Crawl Stone Soup version 0.29-a0-541-gaf1fc19f1b (webtiles) character file.

Game seed: 4874205844170773889

79 HoaS the Ruffian (level 4, -2/41 HPs)
             Began as a Troll Gladiator on June 2, 2022.
             Slain by Sigmund
             ... wielding a +0 scythe
              (10 damage)
             ... on level 2 of the Dungeon.
             The game lasted 00:02:08 (767 turns).

HoaS the Ruffian (Troll Gladiator)                   Turns: 767, Time: 00:02:09

Health: -2/41      AC:  4    Str: 22    XL:     4   Next: 17%
Magic:  3/3        EV: 10    Int:  4    God:
Gold:   27         SH:  0    Dex: 13    Spells: 3/3 levels left

rFire   . . .      SeeInvis .     - Unarmed
rCold   . . .      Faith    .   (no shield)
rNeg    . . .      Spirit   .   a - +0 robe
rPois   .          Reflect  .   b - +0 hat
rElec   .          Harm     .   (no cloak)
rCorr   .          Rampage  .   (gloves unavailable)
Will    .....                   (boots unavailable)
Stlth   +.........              (no amulet)
HPRegen 0.93/turn               (no ring)
MPRegen 0.08/turn               (no ring)

@: confused
A: large, unfitting armour, claws 3, regeneration 1, shaggy fur 1, tough skin 1
a: no special abilities


You were on level 2 of the Dungeon.
You visited 1 branch of the dungeon, and saw 2 of its levels.

You collected 27 gold pieces.

Inventory:

Missiles
 c - 3 throwing nets (quivered)
 d - a large rock
Armour
 a - a +0 robe (worn)
 b - a +0 hat (worn)
Scrolls
 i - a scroll of identify
Potions
 e - a potion of curing {unknown}
 f - a potion of ambrosia
 g - a potion of mutation {unknown}
 j - a potion of flight {unknown}


   Skills:
 - Level 1.5 Fighting
 - Level 1.7 Throwing
 - Level 2.4 Dodging
 + Level 5.1 Unarmed Combat


You had 3 spell levels left.
You didn't know any spells.
Your spell library contained the following spells:

 Spells                   Type           Power      Damage    Failure   Level
 Gell's Gravitas          Tloc           0%         N/A       86%         3
 Lesser Beckoning         Tloc           0%         N/A       86%         3
 Teleport Other           Tloc           0%         N/A       86%         3


Dungeon Overview and Level Annotations

Branches:
Dungeon (2/15)

Altars:

Annotations:
D:2 Sigmund


Innate Abilities, Weirdness & Mutations

You are too large for most types of armour.
You have claws for hands.
Your natural rate of healing is unusually fast.
You are covered in fur. (AC +1)
You have tough skin. (AC +1)


Message History

The crimson imp grinds its teeth.
You closely miss Natasha.
Natasha is almost dead.
Something hits you but does no damage.
Natasha mumbles some strange words.
The crimson imp hits you but does no damage.
You scratch Natasha.
You kill Natasha!
Natasha screams in pain as she dies!
The crimson imp disappears in a puff of smoke!
The shadow imp disappears in a puff of smoke!
Something hits you!
Your Unarmed Combat skill increases to level 5!
You have reached level 4!
You start resting.
Something hits you!
* * * LOW HITPOINT WARNING * * *
You swing at nothing.
Something hits you but does no damage.
You swing at nothing.
You swing at nothing.
You hear some strange, mumbled words.
Something tries to affect you, but you resist.
You swing at nothing.
Something hits you!
* * * LOW HITPOINT WARNING * * *
You swing at nothing.
You swing at nothing.
Something hits you but does no damage.
You swing at nothing.
You swing at nothing.
You hear some strange, mumbled words.
You are confused.
You're too confused to attack without stumbling around!
You're too confused to attack without stumbling around!
You're too confused to attack without stumbling around!
You're too confused to attack without stumbling around!
You're too confused to attack without stumbling around!
You're too confused to attack without stumbling around!
You're too confused to attack without stumbling around!
You're too confused to attack without stumbling around!
Something hits you!
You die...

########.....[.#..
#.........######..
#.######.)##...#..
#.# #..##...#.. #.#
#..##...#..
#.######..##..)#..
#.#.[.....##...###
#.#.#####.##.†.##
###@#.#####...)...##
#..{(...............
#.†.#..######......#
#...#..######......#
#...........'......+
.....#.....###......#
#.....#####.#
#####'## #.....# #.#
#.# #.....#
#.#######.#


There were no monsters in sight!

Vanquished Creatures
  Natasha (D:2)
  Terence (D:2)
  A dart slug (D:1)
  A ball python (D:1)
  4 endoplasms
  A giant cockroach (D:1)
  A goblin (D:1)
  2 hobgoblins
  A quokka (D:1)
  4 bats
  6 frilled lizards (D:1)
  7 kobolds
  A rat (D:1)
31 creatures vanquished.

Notes
Turn   | Place    | Note
-------+----------+-------------------------------------------
     0 | D:1      | HoaS the Troll Gladiator began the quest for the Orb.
     0 | D:1      | Reached XP level 1. HP: 19/19 MP: 0/0
   171 | D:1      | Reached XP level 2. HP: 27/27 MP: 1/1
   267 | D:1      | Reached skill level 4 in Unarmed Combat
   549 | D:1      | Found a faded altar of an unknown god.
   618 | D:2      | Noticed Terence
   624 | D:2      | Killed Terence
   625 | D:2      | Reached XP level 3. HP: 18/33 MP: 2/2
   747 | D:2      | Noticed Natasha
   748 | D:2      | Noticed Sigmund
   754 | D:2      | Killed Natasha
   755 | D:2      | Reached skill level 5 in Unarmed Combat
   755 | D:2      | Reached XP level 4. HP: 18/41 MP: 3/3
   767 | D:2      | Slain by Sigmund

Illustrated notes

Levels and vault maps discovered:
D:1:      dpeg_arrival_water_fire, layout_rooms, ebering_ecumenical_altar_box,
          chequers_serial_rivers_room_b
D:2:      layout_basic, basic_altar, uniq_sigmund, uniq_terence, uniq_natasha

Skill      XL: |  1  2  3 |
---------------+----------+-----
Unarmed Combat | 4 5 |  5.1
Fighting       | |  1.5
Throwing       | |  1.7
Dodging        | |  2.4

Action                   |  1- 3 |  4- 6 || total
-------------------------+-------+-------++-------
Melee: Unarmed           |    81 |       ||    81
       Punch             |     1 |       ||     1
Throw: Throwing net      |     1 |       ||     1
  Use: Scroll            |     3 |       ||     3
Armor: Robe              |    24 |     2 ||    26
Dodge: Dodged            |    52 |       ||    52

Table legend: (Time is in decaauts)
 A = Elapsed time spent in this place.
 B = Non-inter-level travel time spent in this place.
 C = Inter-level travel time spent in this place.
 D = Time resting spent in this place.
 E = Time spent auto-exploring this place.
 F = Levels seen in this place.
 G = Mean time per level.
                   A        B        C        D        E       F      G
               +--------+--------+--------+--------+--------+-----+--------+
         Total |    763 |    744 |     19 |     18 |    531 |   2 |  381.5 |
       Dungeon |    763 |    744 |     19 |     18 |    531 |   2 |  381.5 |
               +--------+--------+--------+--------+--------+-----+--------+

Top non-repeatable levels by time:
     D:1: 612 daAuts
     D:2: 150 daAuts
